 Dungeon Crawl Stone Soup version 0.29.1-15-g9cfb28693d (webtiles) character file.

Game seed: 13255673510313580325

42 tizbic2 the Insei (level 3, -1/28 HPs)
             Began as a Demigod Transmuter on Apr 23, 2023.
             Succumbed to a kobold's curare-tipped dart
             ... on level 2 of the Dungeon.
             The game lasted 00:05:04 (1245 turns).

tizbic2 the Insei (Demigod Transmuter)              Turns: 1245, Time: 00:05:05

Health: -1/28      AC:  3    Str:  8 (11) XL:     3   Next: 19%
Magic:  8/8        EV: 12    Int: 18 (19) God:
Gold:   115        SH:  0    Dex: 12 (14) Spells: 5/6 levels left

rFire   . . .      SeeInvis .   f - +0 mace
rCold   . . .      Faith    .   (no shield)
rNeg    . . .      Spirit   .   a - +0 robe
rPois   .          Reflect  .   (no helmet)
rElec   .          Harm     .   (no cloak)
rCorr   .          Rampage  .   (no gloves)
Will    .....                   q - +0 pair of boots
Stlth   +.........              (no amulet)
HPRegen 0.09/turn               (no ring)
MPRegen 0.11/turn               (no ring)

@: lethally poisoned (-1 -> -13), slowed, very slow
A: high MP 1, forlorn, divine attributes
a: no special abilities


You were on level 2 of the Dungeon.
You visited 1 branch of the dungeon, and saw 2 of its levels.

You collected 115 gold pieces.

Inventory:

Hand Weapons
 f - a +0 mace (weapon)
Missiles
 e - 5 poisoned darts
Armour
 a - a +0 robe (worn)
 c - a +0 ring mail
 m - a +0 chain mail
 q - a +0 pair of boots (worn)
Scrolls
 d - 2 scrolls of identify {unknown}
 g - a scroll of enchant weapon {unknown}
 k - a scroll of fear {unknown}
 l - a scroll of enchant armour {unknown}
 n - a scroll of fog {unknown}
 p - 4 scrolls of magic mapping {unknown}
Potions
 b - a potion of lignification
 h - a potion of degeneration
 i - a potion of curing {unknown}
 j - a potion of attraction {unknown}
 o - a potion of heal wounds {unknown}


   Skills:
 + Level 1.3 Fighting
 - Level 2.1 Dodging
 * Level 3.2 Unarmed Combat
 + Level 2.0 Spellcasting
 * Level 2.2 Transmutations


You had 5 spell levels left.
You knew the following spells:

 Your Spells              Type           Power      Damage    Failure   Level
a - Beastly Appendage     Tmut           18%        N/A       7%          1

Your spell library contained the following spells:

 Spells                   Type           Power      Damage    Failure   Level
 Wereblood                Tmut           9%         N/A       11%         2
 Apportation              Tloc           2%         N/A       19%         1
 Necrotise                Necr           4%         1d4       19%         1
 Summon Small Mammal      Summ           4%         N/A       19%         1
 Spider Form              Tmut/Pois      5%         N/A       34%         3
 Ice Form                 Ice/Tmut       5%         N/A       75%         4


Dungeon Overview and Level Annotations

Branches:
Dungeon (2/15)


Innate Abilities, Weirdness & Mutations

You have an increased reservoir of magic. (+10% MP)
You shall have no god before yourself.
Your divine heritage dramatically boosts your attributes as you level up.


Message History

p - 4 scrolls labelled GUCKER ERU GOE (gained 1)
Things that are here:
a +0 short sword; a kobold corpse You start removing your armour.
You continue taking off your +0 ring mail. x4
You finish taking off your +0 ring mail.
You start putting on your armour.
You continue putting on your +0 robe. x5
You finish putting on your +0 robe.
You see here a +0 club.
You start resting.
HP restored.
A kobold comes into view.
It is wielding a +0 short sword and quivering curare-tipped darts.
The kobold moves out of view.
d - 2 scrolls labelled QIM QEEJAECARCH (gained 1)
A rat comes into view.
The rat moves out of view.
A bat comes into view.
The kobold shouts!
The bat barely misses you. x2; The bat hits you.
You barely miss the bat. The bat hits you but does no damage.
The rat misses you.
You hit the rat.
You kill the rat!
The bat hits you but does no damage.
The kobold throws a curare-tipped dart.
The curare-tipped dart hits you.
You are poisoned.
You have difficulty breathing.
You feel yourself slow down.
The kobold throws a curare-tipped dart.
The curare-tipped dart hits you.
You are lethally poisoned!
You have difficulty breathing.
You feel as though you will be slow longer.
You feel extremely sick.
* * * LOW HITPOINT WARNING * * *
You feel very sick.
Really quaff the potion of lignification?
Okay, then.
It was a potion of degeneration.
There was something very wrong with that liquid.
You feel weakened.
You feel dopey.
You feel clumsy.
You die...

... #.##.. ...
#.###...##### # #.#
##...... ## # #.#
......# .# # #.#
......# ..## #.##
..K...# ... #..#
b...... ..
####.###K.....########
#....@......##........
##...###†....##......#
##..# ......######.#
##.# ...#... #.. ...
...# ...#####. ...
#### ........ ....
∩_.....# ... .......#
..####..


You could see a kobold.

Vanquished Creatures
  A dart slug (D:1)
  An orc (D:2)
  5 ball pythons
  2 bats (D:2)
  2 endoplasms (D:1)
  3 giant cockroaches (D:1)
  4 goblins
  2 hobgoblins (D:1)
  5 jackals (D:1)
  4 quokkas
  A frilled lizard (D:1)
  2 kobolds
  A rat (D:2)
33 creatures vanquished.

Notes
Turn   | Place    | Note
-------+----------+-------------------------------------------
     0 | D:1      | tizbic2 the Demigod Transmuter began the quest for the Orb.
     0 | D:1      | Reached XP level 1. HP: 15/15 MP: 5/5
    72 | D:1      | Reached skill level 1 in Fighting
   325 | D:1      | Reached XP level 2. HP: 21/23 MP: 5/7
   335 | D:1      | Reached skill level 3 in Unarmed Combat
   980 | D:2      | Reached XP level 3. HP: 28/28 MP: 6/8
  1245 | D:2      | Succumbed to a kobold's curare-tipped dart

Illustrated notes

Levels and vault maps discovered:
D:1:      lightli_arrival_isolated_outpost, layout_basic
D:2:      layout_rooms, hellmonk_ecumenical_altar_crossroads

Skill      XL: |  1  2 |
---------------+-------+-----
Fighting       | 1 |  1.3
Unarmed Combat | 3 |  3.2
Transmutations | 2 |  2.2
Spellcasting   | 2 |  2.0
Dodging        | 2 |  2.1

Action                   || total
-------------------------++-------
Melee: Unarmed           ||    17
       Dagger            ||    23
       Kick              ||    15
       Headbutt          ||     6
       Mace              ||    44
 Cast: Beastly Appendage ||    12
  Use: Potion            ||     1
Armor: Ring mail         ||    40
       Robe              ||     8
Dodge: Dodged            ||    74
